 Dungeon Crawl Stone Soup version 0.29.0-4-gdea44cf6ec (webtiles) character file.

Game seed: 7041109439021016506

24826 qw the Brawler (level 12, -4/118 HPs)
             Began as a Troll Cinder Acolyte on Sept 3, 2022.
             Was a Follower of Okawaru.
             Slain by an 11-headed hydra (10 damage)
             ... on level 4 of the Lair of Beasts.
             The game lasted 00:06:55 (13931 turns).

qw the Brawler (Troll Cinder Acolyte)              Turns: 13931, Time: 00:06:56

Health: -4/118     AC: 11    Str: 29    XL:     12   Next: 84%
Magic:  11/12      EV: 12    Int: 10    God:    Okawaru [*.....]
Gold:   513        SH:  9    Dex:  5    Spells: 13/13 levels left

rFire   . . .      SeeInvis .     - Unarmed
rCold   + . .      Faith    .   e - +0 kite shield
rNeg    + . .      Spirit   .   f - +2 robe {rC+}
rPois   .          Reflect  .   t - +2 hat
rElec   .          Harm     .   u - +2 cloak
rCorr   .          Rampage  .   (gloves unavailable)
Will    .....                   (boots unavailable)
Stlth   +.........              (no amulet)
HPRegen 1.09/turn               h - +4 ring of evasion
MPRegen 0.13/turn               n - ring of positive energy

@: about to teleport, fire susceptible
A: large, unfitting armour, claws 3, regeneration 1, shaggy fur 1, tough skin 1
a: Renounce Religion, Heroism


You were on level 4 of the Lair of Beasts.
You worshipped Okawaru.
Okawaru was aware of your devotion.
You visited 3 branches of the dungeon, and saw 15 of its levels.

You collected 791 gold pieces.
You spent 278 gold pieces at shops.


Innate Abilities, Weirdness & Mutations

You are too large for most types of armour.
You have claws for hands.
Your natural rate of healing is unusually fast.
You are covered in fur. (AC +1)
You have tough skin. (AC +1)


   Skills:
 - Level 7.1 Fighting
 - Level 2.0 Throwing
 - Level 1.3 Armour
 - Level 2.3 Dodging
 - Level 11.1 Shields
 + Level 16.0 Unarmed Combat
 - Level 1.0 Spellcasting
 - Level 2.1 Fire Magic
 + Level 0.0 Invocations


You had 13 spell levels left.
You didn't know any spells.
Your spell library contained the following spells:

 Spells                   Type           Power      Damage    Failure   Level
 Scorch                   Fire           8%         2d5       36%         2

Inventory:

Missiles
 o - 3 boomerangs (quivered)
Armour
 e - a +0 kite shield (worn)
 f - a +2 robe of cold resistance (worn)
 q - +0 steam dragon scales
 t - a +2 hat (worn)
 u - a +2 cloak (worn)
Jewellery
 a - a ring of fire
 h - a +4 ring of evasion (left claw)
 n - a ring of positive energy (right claw)
 p - a ring of fire
Wands
 g - a wand of digging (8)
Scrolls
 i - 3 scrolls of teleportation
 m - a scroll of identify
 r - a scroll of brand weapon {unknown}
 s - 4 scrolls of enchant weapon
Potions
 b - 3 potions of curing
 d - 4 potions of haste
 j - a potion of mutation
 k - 3 potions of cancellation
 l - 2 potions of might
 v - 2 potions of invisibility {unknown}

Dungeon Overview and Level Annotations

Branches:
Dungeon (10/15)            Temple (1/1) D:6            Lair (4/5) D:10
  Swamp (0/4) Lair:2        Snake (0/4) Lair:2
  Slime: Lair:4-5       Orc: D:9-12

Altars:
Ashenzari
Cheibriados
Dithmenos
Elyvilon
Fedhas
Gozag
Hepliaklqana
Kikubaaqudgha
Makhleb
Nemelex Xobeh
Okawaru
Qazlal
Ru
Sif Muna
Trog
Uskayaw
Vehumet
Wu Jian
Xom
Yredelemnul
Zin
The Shining One

Shops:
D:1 (   D:3 [   D:8 :   D:9 *

Annotations:
D:5 2 runed translucent doors, Crazy Yiuf; qw's ghost, novice TrCA
Lair:3 3 runed translucent doors, qw's ghost, journeyman TrCA


Message History

The nine-headed hydra bites you but does no damage.
You block the nine-headed hydra's attack.
You rip one of the nine-headed hydra's heads off!
The eight-headed hydra grows two more!
You mangle the ten-headed hydra!!
The ten-headed hydra is severely wounded.
You claw one of the ten-headed hydra's heads off!
The nine-headed hydra grows two more!
You mangle the 11-headed hydra!!
The 11-headed hydra is almost dead.
The 11-headed hydra bites you! x2
The 11-headed hydra bites you but does no damage.
The 11-headed hydra bites you. The 11-headed hydra bites you! x2
The 11-headed hydra misses you. You block the 11-headed hydra's attack.
The 11-headed hydra misses you. The 11-headed hydra bites you.
The 11-headed hydra bites you but does no damage.
13929 ||| READING 4 scrolls of teleportation.
As you read the scroll of teleportation, it crumbles to dust.
You feel strangely unstable.
The 11-headed hydra bites you but does no damage.
The 11-headed hydra bites you! The 11-headed hydra closely misses you.
The 11-headed hydra bites you. You block the 11-headed hydra's attack.
The 11-headed hydra bites you but does no damage. x2
You block the 11-headed hydra's attack. The 11-headed hydra bites you.
The 11-headed hydra bites you! You block the 11-headed hydra's attack.
13930 ||| DRINKING potion of heal wounds.
You feel much better.
You block the 11-headed hydra's attack. x2
The 11-headed hydra closely misses you. The 11-headed hydra bites you.
The 11-headed hydra bites you but does no damage.
The 11-headed hydra bites you. You block the 11-headed hydra's attack.
The 11-headed hydra barely misses you. The 11-headed hydra bites you. x2
The 11-headed hydra closely misses you.
You barely miss the 11-headed hydra.
The 11-headed hydra is almost dead.
You feel like a meek peon again. The 11-headed hydra misses you.
You block the 11-headed hydra's attack. The 11-headed hydra barely misses you.
The 11-headed hydra bites you. x2
The 11-headed hydra misses you.
The 11-headed hydra bites you but does no damage.
The 11-headed hydra closely misses you. x2; The 11-headed hydra bites you!
You die...

........#
........#
........##.......#
.................#
.................#
.............#.#.#
................D#
................@#
.................#
.................#
.....#..P#.....###
....########.###
....#### ###
../.##.# ##....##
.#.....#


You could see a 11-headed hydra.

Vanquished Creatures
  Nessos (Lair:3)
  Harold (D:9)
  3 hydras
  2 two-headed ogres (D:10)
  A death yak (Lair:4)
  Amaemon (Lair:1)
  4 elephants (Lair:1)
  3 black mambas
  An orange demon (Lair:1)
  Joseph (D:8)
  6 cane toads
  2 torpor snails
  2 komodo dragons
  2 polar bears
  Grinder (D:5)
  5 blink frogs (Lair:2)
  A troll (D:10)
  6 dream sheep (Lair:3)
  4 wyverns
  3 basilisks (Lair:3)
  30 yaks
  4 steam dragons
  A vampire mosquito (D:6)
  4 nagas (Lair:2)
  5 water moccasins
  Duvessa (D:5)
  2 orc warriors
  2 ice beasts
  2 black bears
  2 ogres (D:6)
  A sky beast (D:7)
  3 phantoms
  4 centaurs
  7 bullfrogs
  A kobold brigand (D:8)
  Blork the orc (D:5)
  3 gnoll sergeants
  A wyvern zombie (D:8)
  6 wights
  A necrophage (D:8)
  Dowan (D:5)
  4 killer bees (D:8)
  2 howler monkeys
  A human zombie (D:8)
  3 hounds
  2 jellies
  Ijyb (D:3)
  Natasha (thrice) (D:2)
  4 iguanas
  6 orc wizards
  3 killer bee zombies (D:8)
  A mummy (D:8)
  3 howler monkey zombies (D:8)
  19 gnolls
  7 adders
  3 white imps
  An ufetubus (D:4)
  2 worms
  3 dart slugs
  39 orcs
  5 endoplasms
  4 giant cockroaches
  2 goblins
  7 hobgoblins
  5 jackals
  3 quokkas
  7 ball pythons
  3 bats
  3 frilled lizards
  9 kobolds
  6 rats
293 creatures vanquished.

Vanquished Creatures (others)
  9 fungi
  35 plants
44 creatures vanquished.

Grand Total: 337 creatures vanquished

Notes
Turn   | Place    | Note
-------+----------+-------------------------------------------
     0 | D:1      | qw the Troll Cinder Acolyte began the quest for the Orb.
     0 | D:1      | Reached XP level 1. HP: 22/22 MP: 1/1
     0 | D:1      | 0 ||| qw: Version: 0.1-a-102-g441f92d
     0 | D:1      | 0 ||| qw: Game counter: 5092
     0 | D:1      | 0 ||| qw: Always use a shield: true
     0 | D:1      | 0 ||| qw: God list: Okawaru
     0 | D:1      | 0 ||| qw: Allow faded altars: false
     0 | D:1      | 0 ||| qw: Do Orc after D:15 true
     0 | D:1      | 0 ||| qw: Do second Lair branch before Depths: true
     0 | D:1      | 0 ||| qw: Lair rune preference: random
     0 | D:1      | 0 ||| qw: Plans: Normal
     0 | D:1      | 0 ||| PLANNING D:1-11
   191 | D:1      | Found Zeasmawe's Weapon Shop.
   198 | D:1      | Reached XP level 2. HP: 29/29 MP: 2/2
   552 | D:1      | 552 ||| READING scroll labelled FIRU ASYAR.
   607 | D:2      | Reached skill level 4 in Unarmed Combat
   632 | D:2      | Noticed Natasha
   639 | D:2      | Killed Natasha
   640 | D:2      | Reached XP level 3. HP: 35/36 MP: 3/3
   730 | D:2      | Reached XP level 4. HP: 37/44 MP: 4/4
   730 | D:2      | 730 ||| Stepping ~*~*~tactically~*~*~ (outnumbered).
   732 | D:2      | Reached skill level 5 in Unarmed Combat
   733 | D:2      | 733 ||| FLEEEEING.
   734 | D:2      | 734 ||| FLEEEEING.
   784 | D:2      | Found a faded altar of an unknown god.
   813 | D:2      | Noticed Natasha
   814 | D:2      | 814 ||| Stepping ~*~*~tactically~*~*~ (stealth).
   820 | D:2      | Killed Natasha
   833 | D:2      | You fall into a shaft and drop 2 floors!
  1161 | D:4      | 1161 ||| READING scroll labelled VEWIFE ZUEMUGH.
  1162 | D:4      | 1162 ||| READING 2 scrolls labelled ALEOLY DALESHA.
  1163 | D:4      | 1163 ||| READING scroll labelled ESOME WIMURALU.
  1164 | D:4      | 1164 ||| READING scroll labelled SIXKOPNEIC.
  1167 | D:4      | 1167 ||| READING scroll labelled QUNETO CICUDWOSS.
  1168 | D:4      | 1168 ||| DRINKING 2 yellow potions.
  1169 | D:4      | 1169 ||| DRINKING 2 smoky green potions.
  1170 | D:4      | 1170 ||| DROPPING scroll of poison.
  1178 | D:4      | Reached XP level 5. HP: 50/50 MP: 5/5
  1215 | D:3      | Noticed Ijyb
  1223 | D:3      | Killed Ijyb
  1224 | D:3      | Reached skill level 6 in Unarmed Combat
  1289 | D:3      | 1289 ||| Stepping ~*~*~tactically~*~*~ (stealth).
  1303 | D:3      | 1303 ||| Stepping ~*~*~tactically~*~*~ (stealth).
  1304 | D:3      | 1304 ||| Stepping ~*~*~tactically~*~*~ (stealth).
  1386 | D:3      | Found Jegegi's Armour Shoppe.
  1388 | D:3      | 1388 ||| Stepping ~*~*~tactically~*~*~ (stealth).
  1394 | D:3      | 1394 ||| BUYING +0 kite shield (58 gold).
  1394 | D:3      | Bought a +0 kite shield for 58 gold pieces
  1394 | D:3      | 1394 ||| SHOPLISTING +2 robe of the Archmagi (490 gold,
                  | have 17).
  1466 | D:3      | 1466 ||| Stepping ~*~*~tactically~*~*~ (stealth).
  1533 | D:3      | 1533 ||| UPGRADING to +0 kite shield.
  1538 | D:3      | 1538 ||| UPGRADING to +4 ring of evasion.
  1641 | D:2      | 1641 ||| Stepping ~*~*~tactically~*~*~ (stealth).
  1646 | D:2      | 1646 ||| Stepping ~*~*~tactically~*~*~ (outnumbered).
  1647 | D:2      | 1647 ||| Stepping ~*~*~tactically~*~*~ (outnumbered).
  1718 | D:2      | Noticed Natasha
  1719 | D:2      | 1719 ||| Stepping ~*~*~tactically~*~*~ (stealth).
  1721 | D:2      | 1721 ||| Stepping ~*~*~tactically~*~*~ (hiding).
  1727 | D:2      | Killed Natasha
  1728 | D:2      | Reached skill level 1 in Shields
  1930 | D:2      | 1930 ||| READING scroll labelled WUADUN HEUF.
  2083 | D:3      | 2083 ||| Stepping ~*~*~tactically~*~*~ (hiding).
  2220 | D:3      | Reached XP level 6. HP: 59/59 MP: 6/6
  2330 | D:3      | Found a white marble altar of Elyvilon.
  2363 | D:3      | Found a hazy altar of Hepliaklqana.
  2499 | D:3      | 2499 ||| READING scroll labelled SIEGHO GYMNEK.
  2500 | D:3      | 2500 ||| READING scroll labelled RACSAIT PUPN.
  2635 | D:4      | Found a shimmering blue altar of Sif Muna.
  2902 | D:4      | 2902 ||| READING scroll labelled HESOXO LUJUVO.
  2903 | D:4      | 2903 ||| READING scroll labelled SIHUIT ZUDGHARR.
  2904 | D:4      | 2904 ||| DRINKING 3 ruby potions.
  2954 | D:4      | 2954 ||| READING 3 scrolls of identify.
  2954 | D:4      | 2954 ||| IDENTIFYING silvery potion
  2955 | D:4      | 2955 ||| READING 2 scrolls of identify.
  2955 | D:4      | 2955 ||| IDENTIFYING metallic white potion
  2956 | D:4      | 2956 ||| DROPPING 2 potions of lignification.
  2957 | D:4      | 2957 ||| DROPPING potion of magic.
  2988 | D:5      | Entered Level 5 of the Dungeon
  2997 | D:5      | Reached skill level 3 in Shields
  3125 | D:5      | Noticed a steam dragon
  3131 | D:5      | Killed a steam dragon
  3132 | D:5      | Reached XP level 7. HP: 57/66 MP: 7/7
  3177 | D:5      | 3177 ||| Stepping ~*~*~tactically~*~*~ (hiding).
  3315 | D:5      | 3315 ||| INVOKING Fiery Armour.
  3316 | D:5      | 3316 ||| Stepping ~*~*~tactically~*~*~ (outnumbered).
  3317 | D:5      | 3317 ||| Stepping ~*~*~tactically~*~*~ (outnumbered).
  3318 | D:5      | 3318 ||| Stepping ~*~*~tactically~*~*~ (outnumbered).
  3330 | D:5      | 3330 ||| Stepping ~*~*~tactically~*~*~ (outnumbered).
  3341 | D:5      | 3341 ||| Stepping ~*~*~tactically~*~*~ (hiding).
  3461 | D:5      | Noticed Blork the orc
  3469 | D:5      | Killed Blork the orc
  3479 | D:5      | Noticed qw's ghost (novice TrCA)
  3482 | D:5      | Found a runed translucent door.
  3497 | D:5      | 3497 ||| Stepping ~*~*~tactically~*~*~ (stealth).
  3500 | D:5      | 3500 ||| Stepping ~*~*~tactically~*~*~ (stealth).
  3549 | D:5      | Noticed Dowan
  3549 | D:5      | Noticed Duvessa
  3550 | D:5      | 3550 ||| Stepping ~*~*~tactically~*~*~ (hiding).
  3555 | D:5      | 3555 ||| INVOKING Fiery Armour.
  3558 | D:5      | Killed Dowan
  3559 | D:5      | Reached skill level 7 in Unarmed Combat
  3566 | D:5      | Killed Duvessa
  3571 | D:5      | 3571 ||| Stepping ~*~*~tactically~*~*~ (stealth).
  3625 | D:5      | 3625 ||| Stepping ~*~*~tactically~*~*~ (stealth).
  3626 | D:5      | 3626 ||| Stepping ~*~*~tactically~*~*~ (stealth).
  3633 | D:5      | 3633 ||| Stepping ~*~*~tactically~*~*~ (stealth).
  3677 | D:5      | Noticed Grinder
  3678 | D:5      | 3678 ||| Stepping ~*~*~tactically~*~*~ (stealth).
  3680 | D:5      | 3680 ||| Stepping ~*~*~tactically~*~*~ (hiding).
  3684 | D:5      | Killed Grinder
  3685 | D:5      | Reached skill level 6 in Shields
  3685 | D:5      | Reached XP level 8. HP: 70/74 MP: 8/8
  4036 | D:5      | 4036 ||| Stepping ~*~*~tactically~*~*~ (hiding).
  4093 | D:5      | Found a runed translucent door.
  4094 | D:5      | Noticed Crazy Yiuf
  4234 | D:5      | 4234 ||| UPGRADING to +2 robe of cold resistance.
  4244 | D:5      | 4244 ||| DROPPING +0 robe.
  4245 | D:5      | 4245 ||| DRINKING 3 sedimented white potions.
  4327 | D:6      | 4327 ||| INVOKING Fiery Armour.
  4341 | D:6      | Reached skill level 8 in Unarmed Combat
  4379 | D:6      | Reached skill level 3 in Fighting
  4434 | D:6      | 4434 ||| Stepping ~*~*~tactically~*~*~ (stealth).
  4551 | D:6      | Reached skill level 1 in Throwing
  4576 | D:6      | 4576 ||| Stepping ~*~*~tactically~*~*~ (stealth).
  4648 | D:6      | Found a staircase to the Ecumenical Temple.
  4685 | D:6      | Reached skill level 9 in Unarmed Combat
  4685 | D:6      | Reached XP level 9. HP: 83/83 MP: 9/9
  4776 | D:6      | 4776 ||| Stepping ~*~*~tactically~*~*~ (hiding).
  4779 | D:6      | 4779 ||| Stepping ~*~*~tactically~*~*~ (hiding).
  4783 | D:6      | 4783 ||| Stepping ~*~*~tactically~*~*~ (outnumbered).
  4786 | D:6      | 4786 ||| DRINKING 2 potions of curing.
  4786 | D:6      | 4786 ||| (to cure confusion)
  4799 | D:6      | 4799 ||| FLEEEEING.
  4800 | D:6      | 4800 ||| FLEEEEING.
  4801 | D:6      | 4801 ||| FLEEEEING.
  5477 | D:7      | Reached skill level 1 in Dodging
  5710 | D:7      | 5710 ||| Stepping ~*~*~tactically~*~*~ (stealth).
  5719 | D:7      | 5719 ||| Stepping ~*~*~tactically~*~*~ (outnumbered).
  5720 | D:7      | 5720 ||| Stepping ~*~*~tactically~*~*~ (outnumbered).
  5721 | D:7      | 5721 ||| Stepping ~*~*~tactically~*~*~ (outnumbered).
  5722 | D:7      | 5722 ||| Stepping ~*~*~tactically~*~*~ (outnumbered).
  5723 | D:7      | 5723 ||| Stepping ~*~*~tactically~*~*~ (outnumbered).
  5726 | D:7      | 5726 ||| Stepping ~*~*~tactically~*~*~ (outnumbered).
  5727 | D:7      | 5727 ||| Stepping ~*~*~tactically~*~*~ (outnumbered).
  5728 | D:7      | 5728 ||| Stepping ~*~*~tactically~*~*~ (outnumbered).
  5729 | D:7      | 5729 ||| Stepping ~*~*~tactically~*~*~ (outnumbered).
  6238 | D:7      | 6238 ||| DROPPING scarf of invisibility.
  6239 | D:7      | 6239 ||| UPGRADING to +1 hat.
  6244 | D:7      | 6244 ||| READING scroll of enchant armour.
  6244 | D:7      | 6244 ||| ENCHANTING +1 hat.
  6245 | D:7      | 6245 ||| READING scroll labelled OREANU AFADOI.
  6346 | D:7      | 6346 ||| READING scroll labelled GIPTYS GALAEBE.
  6347 | D:7      | 6347 ||| READING 2 scrolls of identify.
  6347 | D:7      | 6347 ||| IDENTIFYING coppery potion
  6414 | D:8      | 6414 ||| INVOKING Fiery Armour.
  6416 | D:8      | 6416 ||| Stepping ~*~*~tactically~*~*~ (outnumbered).
  6417 | D:8      | 6417 ||| STAIRDANCE
  6432 | D:7      | Reached skill level 10 in Unarmed Combat
  6447 | D:8      | 6447 ||| Stepping ~*~*~tactically~*~*~ (outnumbered).
  6490 | D:8      | 6490 ||| Stepping ~*~*~tactically~*~*~ (hiding).
  6567 | D:8      | 6567 ||| Stepping ~*~*~tactically~*~*~ (outnumbered).
  6646 | D:8      | 6646 ||| Stepping ~*~*~tactically~*~*~ (hiding).
  6831 | D:8      | Found Afiveb's Self-Improvement Boutique.
  7043 | D:8      | Found a basalt altar of Yredelemnul.
  7190 | D:8      | Noticed Joseph
  7192 | D:8      | 7192 ||| INVOKING Fiery Armour.
  7197 | D:8      | Reached XP level 10. HP: 86/92 MP: 10/10
  7204 | D:8      | 7204 ||| Stepping ~*~*~tactically~*~*~ (outnumbered).
  7208 | D:8      | 7208 ||| Stepping ~*~*~tactically~*~*~ (outnumbered).
  7209 | D:8      | 7209 ||| Stepping ~*~*~tactically~*~*~ (outnumbered).
  7210 | D:8      | 7210 ||| Stepping ~*~*~tactically~*~*~ (outnumbered).
  7217 | D:8      | Killed Joseph
  7218 | D:8      | Reached skill level 11 in Unarmed Combat
  7503 | D:8      | 7503 ||| UPGRADING to +0 cloak.
  7508 | D:8      | 7508 ||| READING 2 scrolls of identify.
  7508 | D:8      | 7508 ||| IDENTIFYING metallic amethyst potion
  7509 | D:8      | 7509 ||| DROPPING potion of flight.
  7515 | D:8      | 7515 ||| Stepping ~*~*~tactically~*~*~ (stealth).
  7520 | D:8      | 7520 ||| Stepping ~*~*~tactically~*~*~ (outnumbered).
  7640 | D:9      | 7640 ||| Stepping ~*~*~tactically~*~*~ (hiding).
  7718 | D:9      | Noticed Harold
  7736 | D:9      | 7736 ||| INVOKING Fiery Armour.
  7743 | D:9      | Killed Harold
  7744 | D:9      | Reached skill level 9 in Shields
  7907 | D:9      | Identified the +1 helmet of Ycefiluv {rF- Dex+7}
  8047 | D:9      | 8047 ||| Stepping ~*~*~tactically~*~*~ (hiding).
  8049 | D:9      | 8049 ||| Stepping ~*~*~tactically~*~*~ (hiding).
  8050 | D:9      | 8050 ||| Stepping ~*~*~tactically~*~*~ (hiding).
  8181 | D:9      | Found Zoec's General Store.
  8192 | D:9      | 8192 ||| BUYING potion of haste (110 gold).
  8192 | D:9      | Bought a potion of haste for 110 gold pieces
  8192 | D:9      | 8192 ||| BUYING potion of haste (110 gold).
  8192 | D:9      | Bought a potion of haste for 110 gold pieces
  8244 | D:9      | Found a hide-covered altar of Uskayaw.
  8260 | D:9      | 8260 ||| Stepping ~*~*~tactically~*~*~ (outnumbered).
  8262 | D:9      | 8262 ||| Stepping ~*~*~tactically~*~*~ (outnumbered).
  8263 | D:9      | 8263 ||| Stepping ~*~*~tactically~*~*~ (outnumbered).
  8264 | D:9      | 8264 ||| Stepping ~*~*~tactically~*~*~ (outnumbered).
  8265 | D:9      | 8265 ||| Stepping ~*~*~tactically~*~*~ (outnumbered).
  8266 | D:9      | 8266 ||| Stepping ~*~*~tactically~*~*~ (outnumbered).
  8269 | D:9      | 8269 ||| Stepping ~*~*~tactically~*~*~ (outnumbered).
  8270 | D:9      | 8270 ||| Stepping ~*~*~tactically~*~*~ (outnumbered).
  8272 | D:9      | 8272 ||| Stepping ~*~*~tactically~*~*~ (outnumbered).
  8277 | D:9      | 8277 ||| Stepping ~*~*~tactically~*~*~ (outnumbered).
  9029 | D:9      | 9029 ||| DRINKING 2 cyan potions.
  9030 | D:9      | 9030 ||| READING 2 scrolls of identify.
  9030 | D:9      | 9030 ||| IDENTIFYING pink potion
  9031 | D:9      | 9031 ||| DROPPING potion of berserk rage.
  9072 | D:10     | Entered Level 10 of the Dungeon
  9161 | D:10     | Found a staircase to the Lair.
  9176 | D:10     | Noticed a two-headed ogre
  9188 | D:10     | Killed a two-headed ogre
  9189 | D:10     | Reached skill level 12 in Unarmed Combat
  9289 | D:10     | 9289 ||| Stepping ~*~*~tactically~*~*~ (stealth).
  9293 | D:10     | 9293 ||| Stepping ~*~*~tactically~*~*~ (stealth).
  9330 | D:10     | Noticed a two-headed ogre
  9340 | D:10     | Killed a two-headed ogre
  9341 | D:10     | Reached XP level 11. HP: 86/102 MP: 11/11
  9603 | D:10     | 9603 ||| PLANNING LAIR
  9603 | D:10     | 9603 ||| UPGRADING to ring of positive energy.
  9604 | D:10     | 9604 ||| READING 2 scrolls of identify.
  9604 | D:10     | 9604 ||| IDENTIFYING viscous clear potion
  9605 | D:10     | 9605 ||| DROPPING potion of brilliance.
  9660 | Lair:1   | Entered Level 1 of the Lair of Beasts
  9676 | Lair:1   | 9676 ||| Stepping ~*~*~tactically~*~*~ (stealth).
  9691 | Lair:1   | 9691 ||| Stepping ~*~*~tactically~*~*~ (stealth).
  9697 | Lair:1   | 9697 ||| Stepping ~*~*~tactically~*~*~ (stealth).
  9703 | Lair:1   | Reached skill level 13 in Unarmed Combat
  9708 | Lair:1   | Reached skill level 1 in Armour
  9750 | Lair:1   | 9750 ||| READING scroll of enchant armour.
  9750 | Lair:1   | 9750 ||| ENCHANTING +0 cloak.
  9771 | Lair:1   | 9771 ||| Stepping ~*~*~tactically~*~*~ (stealth).
  9870 | Lair:1   | 9870 ||| Stepping ~*~*~tactically~*~*~ (stealth).
  9933 | Lair:1   | Noticed Amaemon
  9934 | Lair:1   | Noticed a five-headed hydra
  9935 | Lair:1   | 9935 ||| INVOKING Fiery Armour.
  9938 | Lair:1   | 9938 ||| Stepping ~*~*~tactically~*~*~ (outnumbered).
  9945 | Lair:1   | Killed a nine-headed hydra
  9950 | Lair:1   | Killed Amaemon
 10137 | Lair:1   | 10137 ||| Stepping ~*~*~tactically~*~*~ (outnumbered).
 10143 | Lair:1   | 10143 ||| INVOKING Fiery Armour.
 10247 | Lair:1   | Identified the +1 scale mail of Uskayaw's Grace {rPois}
 10569 | Lair:1   | 10569 ||| READING 2 scrolls of identify.
 10569 | Lair:1   | 10569 ||| IDENTIFYING grey potion
 10570 | Lair:1   | 10570 ||| DROPPING potion of degeneration.
 10629 | Lair:2   | 10629 ||| Stepping ~*~*~tactically~*~*~ (stealth).
 10633 | Lair:2   | 10633 ||| Stepping ~*~*~tactically~*~*~ (stealth).
 10639 | Lair:2   | Reached skill level 14 in Unarmed Combat
 10660 | Lair:2   | 10660 ||| INVOKING Fiery Armour.
 10666 | Lair:2   | 10666 ||| FLEEEEING.
 10720 | Lair:2   | Found a staircase to the Swamp.
 10741 | Lair:2   | 10741 ||| Stepping ~*~*~tactically~*~*~ (outnumbered).
 10743 | Lair:2   | 10743 ||| Stepping ~*~*~tactically~*~*~ (stealth).
 10744 | Lair:2   | 10744 ||| Stepping ~*~*~tactically~*~*~ (stealth).
 10745 | Lair:2   | 10745 ||| Stepping ~*~*~tactically~*~*~ (outnumbered).
 10746 | Lair:2   | 10746 ||| Stepping ~*~*~tactically~*~*~ (outnumbered).
 10747 | Lair:2   | 10747 ||| Stepping ~*~*~tactically~*~*~ (outnumbered).
 10749 | Lair:2   | 10749 ||| Stepping ~*~*~tactically~*~*~ (outnumbered).
 10752 | Lair:2   | 10752 ||| Stepping ~*~*~tactically~*~*~ (outnumbered).
 10760 | Lair:2   | Reached skill level 6 in Fighting
 11009 | Lair:2   | 11009 ||| Stepping ~*~*~tactically~*~*~ (outnumbered).
 11010 | Lair:2   | 11010 ||| Stepping ~*~*~tactically~*~*~ (outnumbered).
 11034 | Lair:2   | Noticed a six-headed hydra
 11035 | Lair:2   | 11035 ||| INVOKING Fiery Armour.
 11042 | Lair:2   | Killed an eight-headed hydra
 11043 | Lair:2   | Reached XP level 12. HP: 72/114 MP: 12/12
 11302 | Lair:2   | 11302 ||| INVOKING Fiery Armour.
 11312 | Lair:2   | 11312 ||| Stepping ~*~*~tactically~*~*~ (outnumbered).
 11319 | Lair:2   | 11319 ||| Stepping ~*~*~tactically~*~*~ (outnumbered).
 11323 | Lair:2   | Reached skill level 15 in Unarmed Combat
 11443 | Lair:2   | 11443 ||| READING scroll of enchant armour.
 11443 | Lair:2   | 11443 ||| ENCHANTING +1 cloak.
 11448 | Lair:2   | Found a staircase to the Snake Pit.
 11753 | Lair:3   | Noticed qw's ghost (journeyman TrCA)
 11899 | Lair:3   | Found a runed translucent gate.
 11899 | Lair:3   | Found a runed translucent gate.
 11900 | Lair:3   | Found a runed translucent gate.
 11901 | Lair:3   | Noticed a minotaur
 12028 | Lair:3   | Noticed a four-headed hydra
 12029 | Lair:3   | 12029 ||| INVOKING Fiery Armour.
 12035 | Lair:3   | Killed a six-headed hydra
 12249 | Lair:3   | Noticed Nessos
 12250 | Lair:3   | 12250 ||| Stepping ~*~*~tactically~*~*~ (hiding).
 12251 | Lair:3   | 12251 ||| Stepping ~*~*~tactically~*~*~ (hiding).
 12255 | Lair:3   | 12255 ||| INVOKING Fiery Armour.
 12257 | Lair:3   | 12257 ||| DRINKING 4 potions of curing.
 12257 | Lair:3   | 12257 ||| (to cure confusion)
 12263 | Lair:3   | Killed Nessos
 12276 | Lair:3   | 12276 ||| Stepping ~*~*~tactically~*~*~ (outnumbered).
 12277 | Lair:3   | 12277 ||| Stepping ~*~*~tactically~*~*~ (outnumbered).
 12278 | Lair:3   | 12278 ||| Stepping ~*~*~tactically~*~*~ (outnumbered).
 12280 | Lair:3   | 12280 ||| Stepping ~*~*~tactically~*~*~ (outnumbered).
 12284 | Lair:3   | 12284 ||| Stepping ~*~*~tactically~*~*~ (outnumbered).
 12287 | Lair:3   | 12287 ||| Stepping ~*~*~tactically~*~*~ (outnumbered).
 12291 | Lair:3   | 12291 ||| Stepping ~*~*~tactically~*~*~ (outnumbered).
 12292 | Lair:3   | 12292 ||| Stepping ~*~*~tactically~*~*~ (outnumbered).
 12484 | Lair:3   | Reached skill level 16 in Unarmed Combat
 12815 | Lair:3   | 12815 ||| READING 2 scrolls of identify.
 12815 | Lair:3   | 12815 ||| IDENTIFYING sapphire potion
 12816 | Lair:3   | 12816 ||| PLANNING TEMPLE
 12816 | Lair:3   | 12816 ||| DROPPING potion of attraction.
 13054 | Temple   | Entered the Ecumenical Temple
 13054 | Temple   | Found a transporter.
 13054 | Temple   | Found a transporter.
 13056 | Temple   | Found a transporter.
 13056 | Temple   | Found a transporter.
 13066 | Temple   | 13066 ||| PLANNING LAIR
 13069 | Temple   | 13069 ||| PLANNING CONVERSION TO OKAWARU
 13073 | Temple   | Fell from the grace of Ignis
 13073 | Temple   | Became a worshipper of Warmaster Okawaru
 13074 | Temple   | 13074 ||| PLANNING LAIR
 13530 | Lair:4   | 13530 ||| Stepping ~*~*~tactically~*~*~ (stealth).
 13538 | Lair:4   | 13538 ||| Stepping ~*~*~tactically~*~*~ (stealth).
 13540 | Lair:4   | 13540 ||| Stepping ~*~*~tactically~*~*~ (stealth).
 13541 | Lair:4   | 13541 ||| Stepping ~*~*~tactically~*~*~ (stealth).
 13542 | Lair:4   | 13542 ||| Stepping ~*~*~tactically~*~*~ (outnumbered).
 13543 | Lair:4   | 13543 ||| Stepping ~*~*~tactically~*~*~ (outnumbered).
 13544 | Lair:4   | 13544 ||| Stepping ~*~*~tactically~*~*~ (outnumbered).
 13545 | Lair:4   | 13545 ||| Stepping ~*~*~tactically~*~*~ (outnumbered).
 13546 | Lair:4   | 13546 ||| Stepping ~*~*~tactically~*~*~ (outnumbered).
 13547 | Lair:4   | 13547 ||| Stepping ~*~*~tactically~*~*~ (outnumbered).
 13549 | Lair:4   | 13549 ||| Stepping ~*~*~tactically~*~*~ (outnumbered).
 13550 | Lair:4   | 13550 ||| Stepping ~*~*~tactically~*~*~ (outnumbered).
 13551 | Lair:4   | 13551 ||| Stepping ~*~*~tactically~*~*~ (outnumbered).
 13552 | Lair:4   | 13552 ||| Stepping ~*~*~tactically~*~*~ (outnumbered).
 13553 | Lair:4   | 13553 ||| Stepping ~*~*~tactically~*~*~ (outnumbered).
 13554 | Lair:4   | 13554 ||| Stepping ~*~*~tactically~*~*~ (outnumbered).
 13555 | Lair:4   | 13555 ||| Stepping ~*~*~tactically~*~*~ (outnumbered).
 13556 | Lair:4   | 13556 ||| Stepping ~*~*~tactically~*~*~ (outnumbered).
 13557 | Lair:4   | 13557 ||| Stepping ~*~*~tactically~*~*~ (outnumbered).
 13560 | Lair:4   | 13560 ||| Stepping ~*~*~tactically~*~*~ (outnumbered).
 13561 | Lair:4   | 13561 ||| Stepping ~*~*~tactically~*~*~ (outnumbered).
 13563 | Lair:4   | 13563 ||| Stepping ~*~*~tactically~*~*~ (outnumbered).
 13565 | Lair:4   | 13565 ||| Stepping ~*~*~tactically~*~*~ (outnumbered).
 13566 | Lair:4   | 13566 ||| Stepping ~*~*~tactically~*~*~ (outnumbered).
 13567 | Lair:4   | 13567 ||| Stepping ~*~*~tactically~*~*~ (outnumbered).
 13568 | Lair:4   | 13568 ||| Stepping ~*~*~tactically~*~*~ (outnumbered).
 13569 | Lair:4   | 13569 ||| Stepping ~*~*~tactically~*~*~ (outnumbered).
 13570 | Lair:4   | 13570 ||| Stepping ~*~*~tactically~*~*~ (outnumbered).
 13571 | Lair:4   | 13571 ||| Stepping ~*~*~tactically~*~*~ (outnumbered).
 13572 | Lair:4   | 13572 ||| Stepping ~*~*~tactically~*~*~ (outnumbered).
 13573 | Lair:4   | 13573 ||| Stepping ~*~*~tactically~*~*~ (outnumbered).
 13574 | Lair:4   | 13574 ||| Stepping ~*~*~tactically~*~*~ (outnumbered).
 13575 | Lair:4   | 13575 ||| Stepping ~*~*~tactically~*~*~ (outnumbered).
 13576 | Lair:4   | 13576 ||| Stepping ~*~*~tactically~*~*~ (outnumbered).
 13577 | Lair:4   | 13577 ||| Stepping ~*~*~tactically~*~*~ (outnumbered).
 13583 | Lair:4   | 13583 ||| Stepping ~*~*~tactically~*~*~ (outnumbered).
 13584 | Lair:4   | 13584 ||| Stepping ~*~*~tactically~*~*~ (outnumbered).
 13585 | Lair:4   | 13585 ||| Stepping ~*~*~tactically~*~*~ (outnumbered).
 13586 | Lair:4   | 13586 ||| Stepping ~*~*~tactically~*~*~ (outnumbered).
 13587 | Lair:4   | 13587 ||| Stepping ~*~*~tactically~*~*~ (outnumbered).
 13588 | Lair:4   | 13588 ||| Stepping ~*~*~tactically~*~*~ (outnumbered).
 13589 | Lair:4   | 13589 ||| Stepping ~*~*~tactically~*~*~ (outnumbered).
 13590 | Lair:4   | 13590 ||| STAIRDANCE
 13648 | Lair:4   | 13648 ||| STAIRDANCE
 13764 | Lair:4   | Noticed a death yak
 13764 | Lair:4   | Noticed a death yak
 13765 | Lair:4   | 13765 ||| Stepping ~*~*~tactically~*~*~ (stealth).
 13770 | Lair:4   | 13770 ||| Stepping ~*~*~tactically~*~*~ (outnumbered).
 13770 | Lair:4   | Noticed a death yak
 13770 | Lair:4   | Noticed a death yak
 13771 | Lair:4   | 13771 ||| Stepping ~*~*~tactically~*~*~ (outnumbered).
 13772 | Lair:4   | 13772 ||| Stepping ~*~*~tactically~*~*~ (outnumbered).
 13772 | Lair:4   | Noticed a death yak
 13775 | Lair:4   | 13775 ||| Stepping ~*~*~tactically~*~*~ (outnumbered).
 13776 | Lair:4   | 13776 ||| Stepping ~*~*~tactically~*~*~ (outnumbered).
 13777 | Lair:4   | 13777 ||| Stepping ~*~*~tactically~*~*~ (outnumbered).
 13778 | Lair:4   | 13778 ||| Stepping ~*~*~tactically~*~*~ (outnumbered).
 13779 | Lair:4   | 13779 ||| Stepping ~*~*~tactically~*~*~ (outnumbered).
 13780 | Lair:4   | 13780 ||| Stepping ~*~*~tactically~*~*~ (outnumbered).
 13781 | Lair:4   | 13781 ||| Stepping ~*~*~tactically~*~*~ (outnumbered).
 13782 | Lair:4   | 13782 ||| Stepping ~*~*~tactically~*~*~ (outnumbered).
 13783 | Lair:4   | 13783 ||| Stepping ~*~*~tactically~*~*~ (outnumbered).
 13784 | Lair:4   | 13784 ||| Stepping ~*~*~tactically~*~*~ (outnumbered).
 13785 | Lair:4   | 13785 ||| Stepping ~*~*~tactically~*~*~ (outnumbered).
 13786 | Lair:4   | 13786 ||| Stepping ~*~*~tactically~*~*~ (outnumbered).
 13787 | Lair:4   | 13787 ||| Stepping ~*~*~tactically~*~*~ (outnumbered).
 13788 | Lair:4   | 13788 ||| Stepping ~*~*~tactically~*~*~ (outnumbered).
 13789 | Lair:4   | 13789 ||| Stepping ~*~*~tactically~*~*~ (outnumbered).
 13790 | Lair:4   | 13790 ||| Stepping ~*~*~tactically~*~*~ (outnumbered).
 13791 | Lair:4   | 13791 ||| Stepping ~*~*~tactically~*~*~ (outnumbered).
 13792 | Lair:4   | 13792 ||| Stepping ~*~*~tactically~*~*~ (outnumbered).
 13793 | Lair:4   | 13793 ||| Stepping ~*~*~tactically~*~*~ (outnumbered).
 13794 | Lair:4   | 13794 ||| Stepping ~*~*~tactically~*~*~ (outnumbered).
 13795 | Lair:4   | 13795 ||| Stepping ~*~*~tactically~*~*~ (outnumbered).
 13796 | Lair:4   | 13796 ||| Stepping ~*~*~tactically~*~*~ (outnumbered).
 13797 | Lair:4   | 13797 ||| Stepping ~*~*~tactically~*~*~ (outnumbered).
 13798 | Lair:4   | 13798 ||| Stepping ~*~*~tactically~*~*~ (outnumbered).
 13799 | Lair:4   | 13799 ||| Stepping ~*~*~tactically~*~*~ (outnumbered).
 13801 | Lair:4   | HP: 21/118 [death yak (15)]
 13802 | Lair:4   | 13802 ||| READING 5 scrolls of teleportation.
 13803 | Lair:4   | 13803 ||| DRINKING 2 potions of heal wounds.
 13806 | Lair:4   | Killed a death yak
 13806 | Lair:4   | Reached * piety under Okawaru
 13919 | Lair:4   | Noticed a seven-headed hydra
 13920 | Lair:4   | 13920 ||| INVOKING Heroism.
 13928 | Lair:4   | HP: 28/118 [11-headed hydra (6)]
 13929 | Lair:4   | 13929 ||| READING 4 scrolls of teleportation.
 13929 | Lair:4   | HP: 3/118 [11-headed hydra (12)]
 13930 | Lair:4   | 13930 ||| DRINKING potion of heal wounds.
 13931 | Lair:4   | Slain by an 11-headed hydra

Levels and vault maps discovered:
D:1:      minmay_arrival_split_and_join, layout_rooms, serial_shops,
          nicolae_shop_waterfront, hangedman_decor_clover_reticule
D:2:      layout_basic, basic_ecumenical_altar, uniq_natasha
D:3:      layout_basic, mainiacjoe_overflow_two_lobes, serial_shops,
          nicolae_diamond_shop, nicolae_figureground_sparkle, uniq_ijyb
D:4:      kennysheep_big_flooded_room, layout_basic, lemuel_blue_sif_altar,
          reono_crystal_passage, bh_walls_and_bars
D:5:      layout_basic, hellmonk_ghost_happy_afterlife, uniq_grinder,
          uniq_blork_the_orc, uniq_crazy_yiuf_cottage, uniq_duvessa
D:6:      layout_loops_corners, minmay_temple_entry_enclosed_plants,
          minmay_manual_mail
D:7:      layout_basic, minivault_11
D:8:      layout_cave_pods, lemuel_mausoleum_altar_yredelemnul,
          hangedman_decor_diamond_cutter, nicolae_shop_self_help, uniq_joseph
D:9:      layout_layer_cave, nicolae_uskayaw_dance_hall, enter_bailey_4,
          serial_shops, shop, uniq_harold
D:10:     layout_basic, lair_entry_dummy, abandoned_shop
Temple:   hellmonk_temple_divided_pantheon
Lair:1:   layout_loops_ring, chequers_serial_rivers_large_b,
          chequers_serial_rivers_small_3, lemuel_fruit_tree, uniq_amaemon
Lair:2:   layout_long_grid, swamp_mist, minmay_snake_entry_guardpost_large,
          infiniplex_staircase_pool_2
Lair:3:   layout_cave_pods, maelrawn_ghost_gauntlet_escape, serial_forest,
          infiniplex_forest_lined_4_way, infiniplex_forest_end_2,
          infiniplex_forest_straight_1, infiniplex_forest_lined_3,
          infiniplex_forest_clump_small, infiniplex_forest_clump_curved,
          infiniplex_forest_end_1, infiniplex_forest_clump_long, uniq_nessos
Lair:4:   layout_hall_layers, beast_lair_carwin_5, infiniplex_staircase_pool

Skill      XL: |  1  2  3  4  5  6  7  8  9 10 11 12 |
---------------+-------------------------------------+-----
Unarmed Combat | 4 5 6 7 9 10 12 14 16 | 16.0
Shields        | 1 4 6 8 9 10 11 | 11.1
Fighting       | 3 4 5 6 7 |  7.1
Throwing       | 1 2 |  2.0
Dodging        | 1 2 |  2.3
Armour         | 1 |  1.3
Spellcasting   | |  1.0
Fire Magic     | |  2.1

Action                   |  1- 3 |  4- 6 |  7- 9 | 10-12 || total
-------------------------+-------+-------+-------+-------++-------
Melee: Unarmed           |    54 |   114 |   364 |   496 ||  1028
       Punch             |     2 |     2 |       |       ||     4
Throw: Boomerang         |       |    51 |    22 |   112 ||   185
Invok: Fiery Armour      |       |       |     5 |     8 ||    13
       Heroism           |       |       |       |     1 ||     1
  Use: Scroll            |     1 |    12 |     4 |     9 ||    26
       Potion            |       |     3 |     2 |     4 ||     9
Armor: Robe              |    19 |    20 |    88 |   145 ||   272
       Skin              |       |     2 |       |       ||     2
Dodge: Dodged            |    20 |    35 |   178 |   213 ||   446
Block: Kite shield       |       |     6 |   136 |   226 ||   368

Table legend:
 A = Non-vault XP
 B = Vault XP
 C = Vault XP percentage of total XP
 D = Non-vault monster count
 E = Vault monster count
 F = Vault count percentage of total count
                 A         B        C        D         E       F
            +---------+---------+-------+---------+---------+-------
      Total |   28763 |    6703 |  18.9 |     254 |      39 |  13.3
            +---------+---------+-------+---------+---------+-------
        D:1 |      18 |       0 |   0.0 |      11 |       0 |   0.0
        D:2 |     144 |      36 |  20.0 |      17 |       1 |   5.6
        D:3 |     122 |      36 |  22.8 |      20 |       1 |   4.8
        D:4 |     156 |       3 |   1.9 |      14 |       2 |  12.5
        D:5 |     695 |     584 |  45.7 |      26 |       4 |  13.3
        D:6 |     720 |     466 |  39.3 |      21 |       4 |  16.0
        D:7 |     713 |       0 |   0.0 |      17 |       0 |   0.0
        D:8 |    1668 |     960 |  36.5 |      32 |      13 |  28.9
        D:9 |    1022 |     887 |  46.5 |      13 |       6 |  31.6
       D:10 |    3324 |       0 |   0.0 |      12 |       0 |   0.0
     Lair:1 |    4462 |    1214 |  21.4 |      13 |       2 |  13.3
     Lair:2 |    7483 |     670 |   8.2 |      29 |       4 |  12.1
     Lair:3 |    6199 |    1028 |  14.2 |      22 |       1 |   4.3
     Lair:4 |    2037 |     819 |  28.7 |       7 |       1 |  12.5
            +---------+---------+-------+---------+---------+-------
